 Dungeon Crawl Stone Soup version 0.32-a0-913-g739538afd8 (webtiles) character file.

Game seed: 12661291254232677255

830 pokeman the Thaumaturge (level 7, -3/40 HPs)
             Began as a Deep Elf Hedge Wizard on Apr 10, 2024.
             Slain by a gnoll sergeant
             ... wielding a +1 trident of protection
              (15 damage)
             ... on level 5 of the Dungeon.
             The game lasted 00:07:41 (4596 turns).

pokeman the Thaumaturge (Deep Elf Hedge Wizard)     Turns: 4596, Time: 00:07:42

Health: -3/40      AC:  4    Str:  7    XL:     7   Next: 65%
Magic:  12/21      EV: 12    Int: 21    God:
Gold:   235        SH:  0    Dex: 14    Spells: 15/23 levels left

rFire   . . .        q - +3 quarterstaff (chaos)
rCold   . . .        (shield currently unavailable)
rNeg    . . .        b - +0 robe
rPois   .            c - +0 hat
rElec   .            r - +0 cloak
rCorr   .            (no gloves)
SInv    .            k - +0 pair of boots
Will    .....        s - amulet of reflection
Stlth   +            (no ring)
HPRegen 0.26/turn    (no ring)
MPRegen 0.17/turn

%: reflection
@: confused
A: no striking features
a: no special abilities


You were on level 5 of the Dungeon.
You visited 1 branch of the dungeon, and saw 5 of its levels.

You collected 235 gold pieces.

Inventory:

Hand Weapons
 q - a +3 quarterstaff of chaos (weapon)
Armour
 b - a +0 robe (worn)
 c - a +0 hat (worn)
 k - a +0 pair of boots (worn)
 r - a +0 cloak (worn)
 v - a +2 ring mail of poison resistance
Magical Staves
 l - a staff of air
Jewellery
 o - a ring of ice
 s - an amulet of reflection (around neck)
Wands
 u - a wand of flame (14)
 w - a wand of polymorph (7)
Scrolls
 g - 4 scrolls of identify {unknown}
 h - a scroll of revelation {unknown}
 i - 2 scrolls of teleportation {unknown}
 n - a scroll of enchant armour {unknown}
 p - a scroll of vulnerability {unknown}
 t - 3 scrolls of immolation {unknown}
Potions
 a - a potion of enlightenment {unknown}
 d - 4 potions of magic
 e - a potion of might {unknown}
 f - a potion of degeneration {unknown}
 j - 3 potions of heal wounds {unknown}
 m - a potion of curing {unknown}
 x - a potion of resistance {unknown}


   Skills:
 - Level 2.1 Fighting
 + Level 2.0 Armour
 - Level 3.0 Dodging
 - Level 3.0 Stealth
 * Level 8.5 Spellcasting
 + Level 4.3 Conjurations
 - Level 1.1 Summonings
 - Level 1.1 Translocations
 - Level 1.3 Air Magic
 - Level 1.2 Alchemy
 - Level 1.4 Evocations


You had 15 spell levels left.
You knew the following spells:

 Your Spells              Type           Power      Damage    Failure   Level
a - Magic Dart            Conj           100%       1d8       1%          1
b - Mephitic Cloud        Conj/Alch/Air  18%        N/A       9%          3
c - Call Imp              Summ           26%        N/A       8%          2
d - Blink                 Tloc           26%        N/A       8%          2

Your spell library contained the following spells:

 Spells                   Type           Power      Damage    Failure   Level
 Slow                     Hex            32%        N/A       8%          1
 Cigotuvi's Dreadful Rot  Necr/Alch/Air  24%        N/A       9%          2
 Teleport Other           Tloc           13%        N/A       14%         3
 Confusing Touch          Hex            8%         N/A       22%         3
 Vampiric Draining        Necr           8%         2d6       22%         3
 Vhi's Electric Charge    Tloc/Air       28%        N/A       41%         4
 Arcjolt                  Conj/Air       10%        1d20      54%         5
 Dispersal                Tloc           6%         N/A       100%        6
 Gell's Gavotte           Tloc           6%         2d(14-20) 100%        6
 Plasma Beam              Fire/Air       5%         2x1d16    100%        6


Dungeon Overview and Level Annotations

Branches:
Dungeon (5/15)
 Temple: D:4-7

Altars:
Kikubaaqudgha

Annotations:
D:5 1 transporter, Eustachio, Pikel


Message History

The gnoll is engulfed in noxious fumes.
The gnoll appears confused.
The lemure is engulfed in noxious fumes.
The lemure appears confused.
The gnoll sergeant hits you from afar with a +1 trident of protection!
Unknown command.
You bump into the rock wall.
You are engulfed in noxious fumes.
You choke on the stench!
You are more confused.
The gnoll is engulfed in noxious fumes.
The gnoll appears confused.
A gnoll comes into view. It is wielding a +0 club.
The gnoll sergeant hits you but does no damage.
Unknown command.
You hit the gnoll.
The gnoll is poisoned.
The gnoll is lightly wounded.
You are engulfed in noxious fumes.
You choke on the stench!
You are more confused.
The gnoll is engulfed in noxious fumes.
The gnoll appears confused.
The gnoll hits you with a +0 spear.
The gnoll hits itself but does no damage.
The gnoll sergeant hits you from afar with a +1 trident of protection.
You bump into the rock wall.
You are engulfed in noxious fumes.
You choke on the stench!
You are more confused.
The gnoll sergeant barely misses you.
The gnoll is engulfed in noxious fumes.
The gnoll appears confused.
The gnoll barely misses the gnoll sergeant.
Unknown command.
You bump into the rock wall.
You are engulfed in noxious fumes.
You choke on the stench!
You are more confused.
The gnoll sergeant hits you from afar with a +1 trident of protection!
* * * LOW HITPOINT WARNING * * *
The gnoll is engulfed in noxious fumes.
The gnoll appears confused.
The gnoll closely misses you.
You completely miss the gnoll.
The gnoll is moderately wounded.
You are engulfed in noxious fumes.
You choke on the stench!
You are more confused.
The gnoll sergeant hits you from afar with a +1 trident of protection!
You die...

............g...#..#
#..#.#.#........#..###
##...........K..#.....
#.#.#.#.#####..#.....
##.......#####..#########
...#.#.#.................
##........####.☼g........
###......# ###g########
######## #@# #.# #.# #.#
#.# #.# #.# #<# ###


You could see Pikel, a gnoll sergeant and a gnoll (confused, poisoned).

Vanquished Creatures
  Grinder (D:4)
  Sigmund (D:2)
  An ogre (D:4)
  A scorpion (D:4)
  2 vampire bats (D:4)
  Crazy Yiuf (D:2)
  An orc priest (D:3)
  A sleepcap (D:4)
  Ijyb (D:4)
  An orc wizard (D:3)
  2 gnolls (D:5)
  4 adders
  A dart slug (D:3)
  8 orcs
  6 ball pythons
  5 bats
  A bat skeleton (D:4)
  4 bat zombies (D:4)
  5 endoplasms
  2 giant cockroaches
  8 goblins
  6 hobgoblins
  4 jackals (D:2)
  A kobold (D:1)
  4 quokkas
  A frilled lizard (D:2)
  6 rats
79 creatures vanquished.

Vanquished Creatures (collateral kills)
  A ribbon worm (D:2)
  An orc (D:3)
2 creatures vanquished.

Grand Total: 81 creatures vanquished

Notes
Turn   | Place    | Note
-------+----------+-------------------------------------------
     0 | D:1      | pokeman the Deep Elf Hedge Wizard began the quest for the
                  | Orb.
     0 | D:1      | Reached XP level 1. HP: 10/10 MP: 7/7
   352 | D:1      | Reached XP level 2. HP: 15/15 MP: 6/9
  1294 | D:2      | Reached skill level 5 in Spellcasting
  1451 | D:2      | Reached XP level 3. HP: 20/20 MP: 8/11
  1455 | D:2      | Learned a level 3 spell: Mephitic Cloud
  1458 | D:2      | Learned a level 2 spell: Call Imp
  1461 | D:2      | Learned a level 2 spell: Blink
  1700 | D:2      | Noticed Sigmund
  1719 | D:2      | Killed Sigmund
  1720 | D:2      | Reached skill level 1 in Fighting
  1720 | D:2      | Reached skill level 1 in Armour
  1720 | D:2      | Reached skill level 6 in Spellcasting
  1720 | D:2      | Reached XP level 4. HP: 25/25 MP: 11/14
  1720 | D:2      | Reached XP level 5. HP: 29/29 MP: 11/15
  1814 | D:2      | Found a faded altar of an unknown god.
  2047 | D:2      | Found a runed translucent door.
  2048 | D:2      | Noticed Crazy Yiuf
  2065 | D:2      | Killed Crazy Yiuf
  2660 | D:3      | Reached XP level 6. HP: 34/34 MP: 14/17
  3429 | D:4      | Noticed Grinder
  3434 | D:4      | Paralysed by Grinder for 5 turns
  3444 | D:4      | Paralysed by Grinder for 5 turns
  3450 | D:4      | Killed Grinder
  3451 | D:4      | Reached skill level 7 in Spellcasting
  3451 | D:4      | Reached skill level 1 in Air Magic
  3451 | D:4      | Reached skill level 1 in Alchemy
  3451 | D:4      | Reached skill level 1 in Evocations
  3451 | D:4      | Reached XP level 7. HP: 13/38 MP: 11/19
  3928 | D:4      | Noticed Ijyb
  3947 | D:4      | Killed Ijyb
  4053 | D:4      | Reached skill level 8 in Spellcasting
  4308 | D:4      | Found an ancient bone altar of Kikubaaqudgha.
  4447 | D:5      | Entered Level 5 of the Dungeon
  4517 | D:5      | Noticed Pikel
  4518 | D:5      | Noticed Eustachio
  4557 | D:5      | Found a transporter.
  4596 | D:5      | Slain by a gnoll sergeant

Illustrated notes

Levels and vault maps discovered:
D:1:      elethiomel_arrival_quiet, layout_loops_corners,
          chequers_serial_rivers_room_a
D:2:      layout_loops_ring, ebering_ecumenical_altar_hall,
          uniq_crazy_yiuf_cottage, uniq_sigmund
D:3:      layout_basic
D:4:      layout_basic, kennysheep_vampire_church,
          kennysheep_opposing_triangles, uniq_ijyb, uniq_grinder
D:5:      layout_basic, minmay_temple_entry_arrows, serial_glass,
          glass_columns_c, glass_columns_a, glass_columns_a, glass_columns_b,
          gammafunk_ghost_mausoleum, roderic_roman_lattice,
          serial_library_hellmonk_metal_room, uniq_eustachio, uniq_pikel,
          uniq_blork_the_orc, uniq_menkaure

Skill      XL: |  1  2  3  4  5  6  7 |
---------------+----------------------+-----
Spellcasting   | 5 6 7 8 |  8.5
Fighting       | 1 2 |  2.1
Armour         | 1 2 |  2.0
Conjurations   | 2 3 4 |  4.3
Stealth        | 3 |  3.0
Dodging        | 3 |  3.0
Air Magic      | 1 |  1.3
Alchemy        | 1 |  1.2
Evocations     | 1 |  1.4
Summonings     | |  1.1
Translocations | |  1.1

Action                     |  1- 3 |  4- 6 |  7- 9 || total
---------------------------+-------+-------+-------++-------
  Melee: Dagger            |    22 |     7 |       ||    29
         Quarterstaff      |       |    28 |    26 ||    54
   Cast: Magic Dart        |    57 |    50 |    33 ||   140
         Mephitic Cloud    |     1 |     6 |     9 ||    16
         Call Imp          |       |     3 |     2 ||     5
         Blink             |       |     1 |       ||     1
   Stab: Confused          |     1 |     3 |     1 ||     5
         Sleeping          |       |     1 |       ||     1
         Petrifying        |       |     1 |       ||     1
         Paralysed         |       |       |     1 ||     1
 Armour: Robe              |    14 |    18 |    27 ||    59
  Dodge: Dodged            |    18 |    13 |    24 ||    55
  Block: Other             |       |       |     9 ||     9

Table legend: (Time is in decaauts)
 A = Elapsed time spent in this place.
 B = Non-inter-level travel time spent in this place.
 C = Inter-level travel time spent in this place.
 D = Time resting spent in this place.
 E = Time spent auto-exploring this place.
 F = Levels seen in this place.
 G = Mean time per level.
                   A        B        C        D        E       F      G
               +--------+--------+--------+--------+--------+-----+--------+
         Total |   4610 |   4545 |     65 |      2 |   3970 |   5 |  922.0 |
       Dungeon |   4610 |   4545 |     65 |      2 |   3970 |   5 |  922.0 |
               +--------+--------+--------+--------+--------+-----+--------+

Top non-repeatable levels by time:
     D:4: 1535 daAuts
     D:1: 1114 daAuts
     D:2: 1089 daAuts
     D:3: 719 daAuts
     D:5: 153 daAuts
